 Dungeon Crawl Stone Soup version 0.30.0-29-ga12c61a403 (webtiles) character file.

Game seed: 11774242271409394738

36 Graphine the Grave Robber (level 3, 0/25 HPs)
             Began as a Vampire Necromancer on June 22, 2023.
             Slain by a gnoll
             ... wielding a +0 whip
              (7 damage)
             ... on level 2 of the Dungeon.
             The game lasted 00:03:56 (801 turns).

Graphine the Grave Robber (Vampire Necromancer)      Turns: 801, Time: 00:03:58

Health: 0/25       AC:  4    Str:  7    XL:     3   Next: 19%
Magic:  0/6        EV: 12    Int: 19    God:
Gold:   61         SH:  0    Dex: 14    Spells: 4/6 levels left

rFire   . . .        d - +0 dagger
rCold   . . .        (no shield)
rNeg    . . .        a - +0 robe
rPois   .            (no helmet)
rElec   .            (no cloak)
rCorr   .            g - +0 pair of gloves
SInv    +            c - +0 pair of boots
Will    .....        i - amulet of guardian spirit
Stlth   +++          (no ring)
HPRegen 0.44/turn    (no ring)
MPRegen 0.10/turn

%: guardian spirit
@: healing quickly
A: alive, fangs 3, see invisible, vampiric 2
a: Exsanguinate


You were on level 2 of the Dungeon.
You visited 1 branch of the dungeon, and saw 2 of its levels.

You collected 61 gold pieces.

Inventory:

Hand Weapons
 d - a +0 dagger (weapon)
Armour
 a - a +0 robe (worn)
 c - a +0 pair of boots (worn)
 g - a +0 pair of gloves (worn)
Jewellery
 i - an amulet of guardian spirit (around neck)
Scrolls
 f - a scroll of identify
Potions
 j - 2 potions of lignification


   Skills:
 + Level 0.6 Fighting
 + Level 0.6 Short Blades
 + Level 2.5 Dodging
 * Level 4.0 Stealth
 + Level 2.1 Spellcasting
 + Level 1.0 Hexes
 + Level 4.5 Necromancy


You had 4 spell levels left.
You knew the following spells:

 Your Spells              Type           Power      Damage    Failure   Level
a - Necrotise             Necr           76%        1d7       2%          1
b - Sandblast             Erth           4%         2d4       17%         1

Your spell library contained the following spells:

 Spells                   Type           Power      Damage    Failure   Level
 Vampiric Draining        Necr           19%        2d7       8%          3
 Passwall                 Tmut/Erth      1%         N/A       26%         2
 Animate Dead             Necr           19%        N/A       26%         4
 Stone Arrow              Conj/Erth      4%         3d7       45%         3
 Agony                    Necr           19%        N/A       56%         5


Dungeon Overview and Level Annotations

Branches:
Dungeon (2/15)

Altars:


Innate Abilities, Weirdness & Mutations

Your natural rate of healing is accelerated.
You have razor-sharp teeth.
You have supernaturally acute eyesight. (SInv)
You are afflicted with vampirism and can become a bat while bloodless.


Message History

Aiming: Sandblast (safe; 19% risk of failure)
Press: ? - help, Shift-Dir - straight line, f/p - gnoll
Aim: a gnoll, wielding a +0 spear (heavily wounded, 83% to hit)
The blast of sand hits the gnoll.
You kill the gnoll!
The gnoll hits you but does no damage.
Your Stealth skill increases to level 4!
Your Hexes skill increases to level 1!
You have reached level 3!
Your experience leads to an increase in your attributes!
Increase (S)trength, (I)ntelligence, or (D)exterity?
You feel clever. x2
You can now turn into a vampire bat when bloodless.
Casting: Sandblast (safe; 17% risk of failure)
Confirm with . or Enter, or press ? or * to list all spells.
Aiming: Sandblast (safe; 17% risk of failure)
Press: ? - help, Shift-Dir - straight line, f - gnoll
Aim: a gnoll, wielding a +0 whip (83% to hit)
The blast of sand hits the gnoll but does no damage.
The gnoll barely misses you. x2; The gnoll hits you with a +0 flail!
The gnoll shouts!
You hear a shout!
Casting: Sandblast (safe; 17% risk of failure)
Confirm with . or Enter, or press ? or * to list all spells.
Aiming: Sandblast (safe; 17% risk of failure)
Press: ? - help, Shift-Dir - straight line, f - gnoll, p - gnoll
Aim: a gnoll, wielding a +0 flail (83% to hit)
The blast of sand hits the gnoll.
The gnoll is lightly wounded.
The gnoll hits you with a +0 whip.
* * * LOW HITPOINT WARNING * * *
Casting: Sandblast (safe; 17% risk of failure)
Confirm with . or Enter, or press ? or * to list all spells.
Aiming: Sandblast (safe; 17% risk of failure)
Press: ? - help, Shift-Dir - straight line, f/p - gnoll
Aim: a gnoll, wielding a +0 flail (83% to hit)
The blast of sand hits the gnoll but does no damage.
The gnoll is lightly wounded.
The gnoll hits you with a +0 whip!
You die...

#.
#.#.#####.#
#.).#
#.####
#....#
####.# #.#
#.# #.# #@#
#g#
....r)gg#
#.#.#.###
#. #


You could see 3 gnolls.

Vanquished Creatures
  A gnoll (D:2)
  A worm (D:2)
  2 ball pythons (D:1)
  4 goblins (D:1)
  2 hobgoblins (D:1)
  3 jackals (D:1)
  2 quokkas
  A bat (D:1)
  3 frilled lizards (D:1)
  2 kobolds
  A rat (D:2)
22 creatures vanquished.

Vanquished Creatures (collateral kills)
  A giant cockroach (D:1)
  A bat (D:1)
2 creatures vanquished.

Grand Total: 24 creatures vanquished

Notes
Turn   | Place    | Note
-------+----------+-------------------------------------------
     0 | D:1      | Graphine the Vampire Necromancer began the quest for the
                  | Orb.
     0 | D:1      | Reached XP level 1. HP: 13/13 MP: 3/3
    90 | D:1      | Learned a level 1 spell: Sandblast
   337 | D:1      | Reached XP level 2. HP: 13/19 MP: 0/5
   489 | D:1      | Found a faded altar of an unknown god.
   798 | D:2      | Reached skill level 1 in Hexes
   798 | D:2      | Gained mutation: You are afflicted with vampirism and can
                  | become a bat while bloodless. [Vampire growth]
   798 | D:2      | Reached XP level 3. HP: 14/25 MP: 6/6
   801 | D:2      | Slain by a gnoll

Illustrated notes

Levels and vault maps discovered:
D:1:      lightli_arrival_maybe_door_vault, layout_basic,
          shapermc_ecumenical_altar_venn, minmay_pentomino_q2
D:2:      layout_basic, uniq_robin

Skill      XL: |  1  2 |
---------------+-------+-----
Stealth        | 4 |  4.0
Hexes          | 1 |  1.0
Fighting       | |  0.6
Short Blades   | |  0.6
Dodging        | |  2.5
Spellcasting   | |  2.1
Necromancy     | |  4.5

Action                     || total
---------------------------++-------
  Melee: Dagger            ||    71
         Bite              ||     9
   Cast: Necrotise         ||    14
         Sandblast         ||     8
    Use: Scroll            ||     3
         Potion            ||     1
   Stab: Sleeping          ||     3
 Armour: Robe              ||    30
  Dodge: Dodged            ||    52
